TOP OF THE 1ST |
St. Louis Browns batting - Pitching for St Charles Sheens : RHP Oscar Wheeler
|
Pitching: RHP Oscar Wheeler
|
|
Batting: LHB Joe Sanders
|
0-0: Ball 1-0: SINGLE (Groundball, 4M)
|
Batting: LHB Héctor Núñez
|
0-0: Ball 1-0: Ball 2-0: Fielders Choice at 2nd, 1-6 (Groundball, 25)
|
Batting: LHB Mike Hill
|
0-0: Fly out, F9 (Flyball, 89D)
|
Batting: LHB Mario García
|
0-0: Ball 1-0: Ball 2-0: Ball 3-0: Called Strike 3-1: Swinging Strike 3-2: Base on Balls Héctor Núñez to second
|
Batting: LHB Jorge Torres
|
0-0: Ground out 1-3 (Groundball, 13)
|
Top of the 1st over - 0 run(s), 1 hit(s), 0 error(s), 2 left on base; St. Louis 0 - St Charles 0 |
BOTTOM OF THE 1ST |
St Charles Sheens batting - Pitching for St. Louis Browns : LHP Bernardo Miranda
|
Pitching: LHP Bernardo Miranda
|
|
Batting: LHB Bob Ware
|
0-0: SINGLE (Line Drive, 8RS)
|
Batting: RHB Kel Pierce
|
0-0: Ball 1-0: Swinging Strike 1-1: Ball 2-1: Ball 3-1: Foul Ball, location: 2F 3-2: Foul Ball, location: 2F 3-2: Base on Balls Bob Ware to second
|
Batting: RHB Alfredo Rivera
|
0-0: Ball 1-0: Fly out, F9 (Flyball, 89M) Runner from 2nd tags up, OUT at 3rd
|
Batting: RHB Judson Backstrom
|
0-0: Ball 1-0: Called Strike 1-1: Ball 2-1: Foul Ball, location: 2F 2-2: Ball 3-2: Foul Ball, location: 2F 3-2: Ground out 4-3 (Groundball, 4M)
|
Bottom of the 1st over - 0 run(s), 1 hit(s), 0 error(s), 1 left on base; St. Louis 0 - St Charles 0 |
TOP OF THE 2ND |
St. Louis Browns batting - Pitching for St Charles Sheens : RHP Oscar Wheeler
|
Batting: LHB Stan Hickman
|
0-0: Ball 1-0: Foul Ball, location: 2F 1-1: DOUBLE (Groundball, 3D)
|
Batting: RHB Will Brown
|
0-0: Foul Ball, location: 2F 0-1: Swinging Strike 0-2: Ball 1-2: Ground out 4-3 (Groundball, 4) Stan Hickman to third
|
Batting: LHB Víctor Hernández
|
0-0: Ball 1-0: Called Strike 1-1: SINGLE (Groundball, 3D) Stan Hickman scores
|
Batting: RHB Mario Rosales
|
0-0: Called Strike 0-1: Foul Ball, location: 2F 0-2: Foul Ball, location: 2F 0-2: Ball 1-2: Foul Ball, location: 2F 1-2: Foul Ball, location: 2F 1-2: Ground out 2-3 (Groundball, 23) Víctor Hernández to second
|
Batting: LHB Joe Sanders
|
0-0: Called Strike 0-1: Fly out, F9 (Flyball, 9M)
|
Top of the 2nd over - 1 run(s), 2 hit(s), 0 error(s), 1 left on base; St. Louis 1 - St Charles 0 |
BOTTOM OF THE 2ND |
St Charles Sheens batting - Pitching for St. Louis Browns : LHP Bernardo Miranda
|
Batting: RHB Júlio Figueroa
|
0-0: Ball 1-0: Ball 2-0: SINGLE (Groundball, 6MD)
|
Batting: RHB Guo-xiu Choi
|
0-0: Ball 1-0: Called Strike 1-1: 2-RUN HOME RUN (Flyball, 78XD), Distance : 424 ft
|
Batting: LHB Marcos Cantú
|
0-0: Ball 1-0: Ball 2-0: Swinging Strike 2-1: Foul Ball, location: 2F 2-2: Foul Ball, location: 2F 2-2: Fly out, F7 (Line Drive, 7M)
|
Batting: RHB Max Rash
|
0-0: Called Strike 0-1: Fly out, F9 (Flyball, 9LS)
|
Batting: LHB Gene Cooper
|
0-0: Called Strike 0-1: Ball 1-1: Fly out, F8 (Flyball, 8RM)
|
Bottom of the 2nd over - 2 run(s), 2 hit(s), 0 error(s), 0 left on base; St. Louis 1 - St Charles 2 |
TOP OF THE 3RD |
St. Louis Browns batting - Pitching for St Charles Sheens : RHP Oscar Wheeler
|
Batting: LHB Héctor Núñez
|
0-0: Ball 1-0: Called Strike 1-1: Foul Ball, location: 2F 1-2: Foul Ball, location: 2F 1-2: Ball 2-2: Ground out 5-3 (Groundball, 56)
|
Batting: LHB Mike Hill
|
0-0: Called Strike 0-1: Foul Ball, location: 2F 0-2: Ball 1-2: Foul Ball, location: 2F 1-2: Hit by Pitch
|
Batting: LHB Mario García
|
0-0: Ball 1-0: Called Strike 1-1: Ball 2-1: Ball 3-1: Base on Balls Mike Hill to second
|
Batting: LHB Jorge Torres
|
0-0: Foul Ball, location: 2F 0-1: Ball 1-1: Ball 2-1: Ball 3-1: Foul Ball, location: 2F 3-2: Foul Ball, location: 2F 3-2: Foul Ball, location: 2F 3-2: Foul Ball, location: 2F 3-2: Strikes out swinging
|
Batting: LHB Stan Hickman
|
0-0: Foul Ball, location: 2F 0-1: Foul Ball, location: 2F 0-2: Foul Ball, location: 2F 0-2: Foul Ball, location: 2F 0-2: Foul Ball, location: 2F 0-2: Ball 1-2: Ball 2-2: SINGLE (Groundball, 4MD) Mike Hill to third Mario García to second Runner from 3rd tries for Home, SAFE, no throw or cutoff
|
Batting: RHB Will Brown
|
0-0: Fly out, F8 (Flyball, 8RXD)
|
Top of the 3rd over - 1 run(s), 1 hit(s), 0 error(s), 2 left on base; St. Louis 2 - St Charles 2 |
BOTTOM OF THE 3RD |
St Charles Sheens batting - Pitching for St. Louis Browns : LHP Bernardo Miranda
|
Batting: LHB Bob Ware
|
0-0: Ball 1-0: Called Strike 1-1: Swinging Strike 1-2: Ball 2-2: Ball 3-2: Strikes out swinging
|
Batting: RHB Kel Pierce
|
0-0: Ball 1-0: Foul Ball, location: 2F 1-1: Foul Ball, location: 2F 1-2: Strikes out looking
|
Batting: RHB Alfredo Rivera
|
0-0: Ball 1-0: Swinging Strike 1-1: Foul Ball, location: 2F 1-2: Ground out 5-3 (Groundball, 5L)
|
Bottom of the 3rd over - 0 run(s), 0 hit(s), 0 error(s), 0 left on base; St. Louis 2 - St Charles 2 |
TOP OF THE 4TH |
St. Louis Browns batting - Pitching for St Charles Sheens : RHP Oscar Wheeler
|
Batting: LHB Víctor Hernández
|
0-0: Called Strike 0-1: Fly out, F7 (Flyball, 7D)
|
Batting: RHB Mario Rosales
|
0-0: Ball 1-0: Ball 2-0: Foul Ball, location: 2F 2-1: DOUBLE (Line Drive, 5)
|
Batting: LHB Joe Sanders
|
0-0: Called Strike 0-1: Ground out 1-3 (Groundball, 15)
|
Batting: LHB Héctor Núñez
|
0-0: SINGLE (Groundball, 34) Mario Rosales to third Runner from 3rd tries for Home, SAFE, no throw or cutoff
|
Batting: LHB Mike Hill
|
0-0: Called Strike 0-1: Ball 1-1: Ball 2-1: Fly out, F4 (Popup, 4D)
|
Top of the 4th over - 1 run(s), 2 hit(s), 0 error(s), 1 left on base; St. Louis 3 - St Charles 2 |
BOTTOM OF THE 4TH |
St Charles Sheens batting - Pitching for St. Louis Browns : LHP Bernardo Miranda
|
Batting: RHB Judson Backstrom
|
0-0: Ball 1-0: Called Strike 1-1: SINGLE (Groundball, 56D)
|
Batting: RHB Júlio Figueroa
|
0-0: Swinging Strike 0-1: SINGLE (Groundball, 25) (infield hit) Judson Backstrom to second
|
Batting: RHB Guo-xiu Choi
|
0-0: Called Strike 0-1: Fly out, F9 (Flyball, 89D) Runner from 2nd tags up, SAFE at 3rd, no throw
|
Batting: LHB Marcos Cantú
|
0-0: Called Strike 0-1: Ball 1-1: Fly out, F4 (Popup, 34D)
|
Batting: RHB Max Rash
|
0-0: SINGLE (Groundball, 13) (infield hit) Judson Backstrom scores Júlio Figueroa to second
|
Batting: LHB Gene Cooper
|
0-0: Ball 1-0: Ball 2-0: Foul Ball, location: 2F 2-1: Foul Ball, location: 2F 2-2: Foul Ball, location: 2F 2-2: Ground out 5-3 (Groundball, 5S)
|
Bottom of the 4th over - 1 run(s), 3 hit(s), 0 error(s), 2 left on base; St. Louis 3 - St Charles 3 |
TOP OF THE 5TH |
St. Louis Browns batting - Pitching for St Charles Sheens : RHP Oscar Wheeler
|
Batting: LHB Mario García
|
0-0: Called Strike 0-1: Swinging Strike 0-2: Foul Ball, location: 2F 0-2: Ball 1-2: Ball 2-2: Strikes out swinging
|
Batting: LHB Jorge Torres
|
0-0: Ball 1-0: Swinging Strike 1-1: Fly out, F7 (Flyball, 78D)
|
Batting: LHB Stan Hickman
|
0-0: Ball 1-0: Ground out 4-3 (Groundball, 4)
|
Top of the 5th over - 0 run(s), 0 hit(s), 0 error(s), 0 left on base; St. Louis 3 - St Charles 3 |
BOTTOM OF THE 5TH |
St Charles Sheens batting - Pitching for St. Louis Browns : LHP Bernardo Miranda
|
Batting: LHB Bob Ware
|
0-0: Ball 1-0: Foul Ball, location: 2F 1-1: Ball 2-1: Fly out, F8 (Flyball, 8RS)
|
Batting: RHB Kel Pierce
|
0-0: Called Strike 0-1: Called Strike 0-2: Ball 1-2: SINGLE (Line Drive, 34D)
|
Batting: RHB Alfredo Rivera
|
0-0: Ball 1-0: Called Strike 1-1: Ball 2-1: Foul Ball, location: 2F 2-2: SINGLE (Line Drive, 8RS) Kel Pierce to second
|
Batting: RHB Judson Backstrom
|
0-0: Ball 1-0: Ball Throwing error on steal attempt, E2 Kel Pierce scores Alfredo Rivera to third 2-0: Swinging Strike 2-1: Foul Ball, location: 2F 2-2: Foul Ball, location: 2F 2-2: Foul Ball, location: 2F 2-2: Foul Ball, location: 2F 2-2: Ball 3-2: Foul Ball, location: 2F 3-2: Foul Ball, location: 2F 3-2: Strikes out swinging
|
Batting: RHB Júlio Figueroa
|
0-0: Called Strike 0-1: Ball 1-1: Foul Ball, location: 2F 1-2: Ground out 6-3 (Groundball, 6)
|
Bottom of the 5th over - 1 run(s), 2 hit(s), 1 error(s), 1 left on base; St. Louis 3 - St Charles 4 |
TOP OF THE 6TH |
St. Louis Browns batting - Pitching for St Charles Sheens : RHP Oscar Wheeler
|
Batting: RHB Will Brown
|
0-0: Ball 1-0: Ground out 5-3 (Groundball, 5S)
|
Batting: LHB Víctor Hernández
|
0-0: Foul Ball, location: 2F 0-1: Swinging Strike 0-2: Ball 1-2: Ball 2-2: Fly out, F9 (Flyball, 89M)
|
Batting: RHB Mario Rosales
|
0-0: Ball 1-0: Ball 2-0: Foul Ball, location: 2F 2-1: Foul Ball, location: 2F 2-2: Ground out 5-3 (Groundball, 56S)
|
Top of the 6th over - 0 run(s), 0 hit(s), 0 error(s), 0 left on base; St. Louis 3 - St Charles 4 |
BOTTOM OF THE 6TH |
St Charles Sheens batting - Pitching for St. Louis Browns : LHP Bernardo Miranda
|
Pitching: RHP Mitsunari Taguchi
|
|
Batting: RHB Guo-xiu Choi
|
0-0: Ground out 6-3 (Groundball, 6M)
|
Batting: LHB Marcos Cantú
|
0-0: Ball 1-0: Ball 2-0: Foul Ball, location: 2F 2-1: DOUBLE (Line Drive, 78D)
|
Pitching: RHP Beau Brown
|
|
Batting: RHB Max Rash
|
0-0: Called Strike 0-1: Called Strike 0-2: Ground out 6-3 (Groundball, 6) Marcos Cantú to third
|
Batting: LHB Gene Cooper
|
0-0: Called Strike 0-1: Swinging Strike 0-2: Foul Ball, location: 2F 0-2: Ball 1-2: Strikes out looking
|
Bottom of the 6th over - 0 run(s), 1 hit(s), 0 error(s), 1 left on base; St. Louis 3 - St Charles 4 |
TOP OF THE 7TH |
St. Louis Browns batting - Pitching for St Charles Sheens : RHP Oscar Wheeler
|
Batting: LHB Joe Sanders
|
0-0: Ball 1-0: Foul Ball, location: 2F 1-1: Foul Ball, location: 2F 1-2: Ball 2-2: SINGLE (Line Drive, 34D)
|
Batting: LHB Héctor Núñez
|
0-0: Ball 1-0: Ball 2-0: Swinging Strike 2-1: Bunted foul 2-2: DOUBLE (Line Drive, 3L) Joe Sanders to third
|
Pitching: LHP Francisco Moreno
|
|
Pinch Hitting: RHB Wilson Martínez
|
0-0: Ball 1-0: Fly out, F8 (Flyball, 8RD) Runner from 3rd tags up, SCORES, no throw
|
Batting: LHB Mario García
|
0-0: Called Strike 0-1: Ball 1-1: Ground out U3 (Groundball, 3L) Héctor Núñez to third
|
Pitching: LHP Shan Liu
|
|
Batting: LHB Jorge Torres
|
0-0: Called Strike 0-1: Foul Ball, location: 2F 0-2: Ball 1-2: Strikes out looking
|
Top of the 7th over - 1 run(s), 2 hit(s), 0 error(s), 1 left on base; St. Louis 4 - St Charles 4 |
BOTTOM OF THE 7TH |
St Charles Sheens batting - Pitching for St. Louis Browns : RHP Beau Brown
|
Now in LF: Wilson Martínez
|
|
Batting: LHB Bob Ware
|
0-0: Foul Ball, location: 2F 0-1: Ball 1-1: Ball 2-1: Ground out 4-3 (Groundball, 4)
|
Batting: RHB Kel Pierce
|
0-0: Ball 1-0: Called Strike 1-1: Ball 2-1: Foul Ball, location: 2F 2-2: Strikes out swinging
|
Batting: RHB Alfredo Rivera
|
0-0: Swinging Strike 0-1: Called Strike 0-2: Ball 1-2: Strikes out swinging
|
Bottom of the 7th over - 0 run(s), 0 hit(s), 0 error(s), 0 left on base; St. Louis 4 - St Charles 4 |
TOP OF THE 8TH |
St. Louis Browns batting - Pitching for St Charles Sheens : LHP Shan Liu
|
Batting: LHB Stan Hickman
|
0-0: Ball 1-0: Ball 2-0: Swinging Strike 2-1: Fly out, F7 (Line Drive, 7LS)
|
Batting: RHB Will Brown
|
0-0: Fly out, F8 (Flyball, 8LD)
|
Pinch Hitting: RHB R.J. Parker
|
0-0: Ball 1-0: Called Strike 1-1: DOUBLE (Line Drive, 8LXD)
|
Batting: RHB Mario Rosales
|
0-0: Foul Ball, location: 2F 0-1: Called Strike 0-2: Strikes out looking
|
Top of the 8th over - 0 run(s), 1 hit(s), 0 error(s), 1 left on base; St. Louis 4 - St Charles 4 |
BOTTOM OF THE 8TH |
St Charles Sheens batting - Pitching for St. Louis Browns : RHP Beau Brown
|
Now at SS: George Howard
|
|
Batting: RHB Judson Backstrom
|
0-0: Called Strike 0-1: Ball 1-1: Ball 2-1: Foul Ball, location: 2F 2-2: Ball 3-2: Base on Balls
|
Batting: RHB Júlio Figueroa
|
0-0: Ball 1-0: Ball 2-0: Ball 3-0: Called Strike 3-1: Foul Ball, location: 2F 3-2: Grounds into double play, 6-4-3 (Groundball, 56)
|
Pitching: RHP Ramón Silva
|
|
Pinch Hitting: LHB Jeff Carter
|
0-0: Ball 1-0: Called Strike 1-1: Called Strike 1-2: Ball 2-2: Foul Ball, location: 2F 2-2: Foul Ball, location: 2F 2-2: Strikes out swinging
|
Bottom of the 8th over - 0 run(s), 0 hit(s), 0 error(s), 0 left on base; St. Louis 4 - St Charles 4 |
TOP OF THE 9TH |
St. Louis Browns batting - Pitching for St Charles Sheens : LHP Shan Liu
|
Pitching: RHP Juan Rivera
|
|
Now in RF: Tomás Estrada
|
|
Batting: LHB Joe Sanders
|
0-0: Fly out, F8 (Flyball, 8RM)
|
Batting: LHB Héctor Núñez
|
0-0: Called Strike 0-1: Ball 1-1: SINGLE (Groundball, 13) (infield hit)
|
Batting: RHB Wilson Martínez
|
0-0: Ball 1-0: Called Strike 1-1: Ball 2-1: Swinging Strike 2-2: Strikes out swinging
|
Batting: LHB Mario García
|
0-0: Foul Ball, location: 2F 0-1: Fly out, F7 (Flyball, 7LM)
|
Top of the 9th over - 0 run(s), 1 hit(s), 0 error(s), 1 left on base; St. Louis 4 - St Charles 4 |
BOTTOM OF THE 9TH |
St Charles Sheens batting - Pitching for St. Louis Browns : RHP Ramón Silva
|
Batting: LHB Marcos Cantú
|
0-0: Ball 1-0: Swinging Strike 1-1: Swinging Strike 1-2: Ball 2-2: Ball 3-2: Foul Ball, location: 2F 3-2: SINGLE (Line Drive, 56)
|
Batting: RHB Max Rash
|
0-0: Ball 1-0: Called Strike Marcos Cantú steals 2nd base 1-1: Bunted foul 1-2: Ball 2-2: Foul Ball, location: 2F 2-2: Ball 3-2: Strikes out looking
|
Batting: LHB Gene Cooper
|
0-0: Called Strike Marcos Cantú steals 3rd base 0-1: Intentional Walk
|
Batting: LHB Bob Ware
|
0-0: Ball 1-0: Squeeze Bunt - play home, runner scores, batter safe! Marcos Cantú scores
|
|